 Dungeon Crawl Stone Soup version 0.31-a0-655-gf2d5465dac (webtiles) character file.

Game seed: 15175885282225688677

1119 MacCMillion the Cleaver (level 8, -1/63 HPs)
             Began as a Ghoul Fighter on Aug 30, 2023.
             Was a Follower of Okawaru.
             Slain by a gnoll
             ... wielding a +0 halberd
              (7 damage)
             ... on level 5 of the Dungeon.
             The game lasted 00:06:58 (5285 turns).

MacCMillion the Cleaver (Ghoul Fighter)             Turns: 5285, Time: 00:06:59

Health: -1/63      AC: 12    Str: 22    XL:     8   Next: 34%
Magic:  9/9        EV:  8    Int:  3    God:    Okawaru [*.....]
Gold:   261        SH:  0    Dex:  8    Spells: 7/7 levels left

rFire   . . .        a - +0 war axe
rCold   + . .        c - +0 buckler
rNeg    + + +        A - +0 chain mail
rPois   ∞            (no helmet)
rElec   .            o - +0 cloak
rCorr   .            x - +1 pair of gloves
SInv    .            (no boots)
Will    .....        (no amulet) Stlth
                     (no ring)
HPRegen 0.00/turn    (no ring)
MPRegen 0.11/turn

%: no passive effects
@: confused, weak-willed, ambrosia-drunk, inhibited regen
A: claws 1, cold resistance 1, negative energy resistance 3, inhibited
regeneration, torment resistance 2, devour on kill
a: Renounce Religion, Heroism


You were on level 5 of the Dungeon.
You worshipped Okawaru.
Okawaru was aware of your devotion.
You visited 2 branches of the dungeon, and saw 6 of its levels.
You also visited: Ossuary.

You collected 261 gold pieces.

Inventory:

Hand Weapons
 a - a +0 war axe (weapon)
Missiles
 m - 8 poisoned darts
Armour
 b - a +0 scale mail
 c - a +0 buckler (worn)
 o - a +0 cloak (worn)
 x - a +1 pair of gloves (worn)
 A - a +0 chain mail (worn)
Wands
 u - a wand of iceblast (1)
Scrolls
 e - a scroll of fog {unknown}
 f - a scroll of butterflies {unknown}
 g - a scroll of vulnerability
 j - 9 scrolls of identify {unknown}
 k - 2 scrolls of teleportation {unknown}
 r - a scroll of immolation {unknown}
 t - 2 scrolls of revelation {unknown}
 v - 2 scrolls of fear {unknown}
 w - a scroll of enchant weapon {unknown}
 y - a scroll of silence {unknown}
 B - a scroll of blinking {unknown}
Potions
 d - a potion of might
 h - 3 potions of ambrosia
 i - a potion of degeneration {unknown}
 l - a potion of curing {unknown}
 n - 2 potions of haste {unknown}
 p - 2 potions of heal wounds {unknown}
 q - a potion of berserk rage {unknown}
 s - 2 potions of mutation {unknown}
 z - 3 potions of enlightenment {unknown}
 C - a potion of magic {unknown}
 D - 3 potions of attraction {unknown}
 E - 2 potions of invisibility {unknown}


   Skills:
 - Level 3.2 Fighting
 + Level 8.0 Axes
 - Level 2.6 Armour
 - Level 4.0 Shields
 - Level 3.0 Invocations


You had 7 spell levels left.
You didn't know any spells.
Your spell library contained the following spells:

 Spells                   Type           Power      Damage    Failure   Level
 Frozen Ramparts          Ice            0%         1d1       100%        3
 Ignite Poison            Fire/Tmut/Pois 0%         N/A       100%        3
 Inner Flame              Hex/Fire       0%         N/A       100%        3
 Flame Wave               Conj/Fire      0%         2d4       100%        4
 Petrify                  Tmut/Erth      0%         N/A       100%        4
 Sticky Flame             Conj/Fire      0%         2d3       100%        4
 Metabolic Englaciation   Hex/Ice        0%         N/A       100%        5
 Ignition                 Fire           0%         3d3       100%        8


Dungeon Overview and Level Annotations

Branches:
Dungeon (5/15)             Temple (1/1) D:4         Ossuary (visited)

Altars:
Ashenzari
Dithmenos
Fedhas
Gozag
Makhleb
Okawaru
Ru
Sif Muna
Trog
Uskayaw
Vehumet
Wu Jian
Xom

Annotations:
D:5 1 exclusion, Prince Ribbit


Innate Abilities, Weirdness & Mutations

You are immune to poison.
You have sharp fingernails.
Your flesh is cold resistant. (rC+)
You are immune to negative energy. (rN+++)
You do not regenerate when monsters are visible.
You are immune to unholy pain and torment.
You thrive by killing the living.


Message History

The hound is heavily wounded.
The hound bites you but does no damage.
You barely miss the hound.
The hound is heavily wounded.
The hound bites you.
The gnoll hits you from afar with a +0 halberd!
The hound bites you.
You slash the hound!
You kill the hound!
Okawaru accepts your kill. The gnoll hits you but does no damage.
Your Axes skill increases to level 8!
The gnoll attacks as it pursues you!
The gnoll hits you from afar with a +0 halberd.
The gnoll attacks as it pursues you! The gnoll hits you but does no damage.
The gnoll attacks as it pursues you! The gnoll closely misses you.
Prince Ribbit blinks!
The gnoll attacks as it pursues you! The gnoll barely misses you.
Prince Ribbit blinks!
Prince Ribbit blinks!
The gnoll attacks as it pursues you!
The gnoll hits you from afar with a +0 halberd!
* * * LOW HITPOINT WARNING * * *
As you read the scroll labelled XULOJO UGAEDWU, it crumbles to dust.
Magic quickly surges around you.
It was a scroll of vulnerability.
The gnoll hits you from afar with a +0 halberd!
* * * LOW HITPOINT WARNING * * *
The gnoll attacks as it pursues you! The gnoll closely misses you.
The gnoll attacks as it pursues you!
The gnoll hits you from afar with a +0 halberd!
* * * LOW HITPOINT WARNING * * *
Prince Ribbit blinks!
Okay, then.
It was a potion of ambrosia.
You are confused.
You feel invigorated.
Prince Ribbit hits you but does no damage.
You bump into the rock wall.
Prince Ribbit hits you.
* * * LOW HITPOINT WARNING * * *
The gnoll hits you from afar with a +0 halberd!
You die...

#.# #.# #.#########.#.#
####.# #.#
###.#########.#.## .....#
#.### #.....#.....g.....
######
#...###.###.#F#####.#.##
##......# .#.# #....#
#..###.# #.# ###.#.#. #..#
#... #.# #.......
####..#########g###.#.#.#.
#........@Fg....##.......#
##
#.##..########.......#....
.# #.##..#
#...###.##......## .#
#.##..# #.............#(##
.#
#.##..###...##.#.##.##....
.#
#.##...###.###...##.##..##
<# #.###..# #.#
##.###....... .## #.# #..#
#.# #.# ####..##
..######.# #..###.####.###
#....


You could see Prince Ribbit and 2 gnolls.

Vanquished Creatures
  A wraith (Ossuary)
  Duvessa (D:5)
  An orc warrior (D:4)
  An ogre (D:4)
  A black bear (D:4)
  A centaur (D:4)
  Dowan (D:5)
  A howler monkey (D:4)
  2 hounds (D:5)
  3 sleepcaps
  An orc priest (D:4)
  An iguana (D:4)
  2 orc wizards
  A mummy (Ossuary)
  3 adders
  A white imp (D:5)
  2 worms (D:2)
  5 dart slugs
  17 orcs
  2 endoplasms
  5 giant cockroaches
  12 goblins
  7 hobgoblins
  4 jackals (D:1)
  5 kobolds
  A quokka (D:4)
  7 ball pythons
  3 bats
  3 frilled lizards
  6 gnoll skeletons (Ossuary)
  5 kobold skeletons (Ossuary)
  14 orc skeletons (Ossuary)
  4 rats (D:1)
124 creatures vanquished.

Notes
Turn   | Place    | Note
-------+----------+-------------------------------------------
     0 | D:1      | MacCMillion the Ghoul Fighter began the quest for the Orb.
     0 | D:1      | Reached XP level 1. HP: 19/19 MP: 0/0
    78 | D:1      | Reached skill level 2 in Axes
   131 | D:1      | Reached XP level 2. HP: 25/26 MP: 1/1
   230 | D:1      | Found a faded altar of an unknown god.
   454 | D:1      | Reached XP level 3. HP: 28/31 MP: 2/2
   905 | D:2      | You fall into a shaft and drop 1 floor!
  1724 | D:3      | Reached XP level 4. HP: 31/38 MP: 3/3
  1735 | D:3      | Reached skill level 3 in Axes
  2294 | D:3      | Reached XP level 5. HP: 45/45 MP: 4/4
  2714 | D:4      | Reached skill level 4 in Axes
  2715 | D:4      | Noticed a centaur
  2721 | D:4      | Killed a centaur
  2722 | D:4      | Reached XP level 6. HP: 40/51 MP: 5/5
  2780 | D:4      | Noticed a black bear
  2801 | D:4      | Killed a black bear
  2802 | D:4      | Reached skill level 5 in Axes
  3547 | D:4      | Noticed an orc warrior
  3641 | D:4      | Reached skill level 6 in Axes
  3641 | D:4      | Reached XP level 7. HP: 36/57 MP: 6/6
  4093 | D:4      | Found a staircase to the Ecumenical Temple.
  4117 | Temple   | Entered the Ecumenical Temple
  4127 | Temple   | Became a worshipper of Warmaster Okawaru
  4397 | D:4      | Reached skill level 1 in Invocations
  4486 | D:5      | Entered Level 5 of the Dungeon
  4702 | D:5      | Noticed Dowan
  4702 | D:5      | Noticed Duvessa
  4726 | D:5      | Found a sand-covered staircase.
  4734 | Ossuary  | Entered an ossuary
  4734 | Ossuary  | Noticed a wraith
  4734 | Ossuary  | Noticed a wraith
  4734 | Ossuary  | Noticed a wraith
  4798 | Ossuary  | Noticed a wraith
  4816 | Ossuary  | Killed a wraith
  4817 | Ossuary  | Reached skill level 7 in Axes
  4817 | Ossuary  | Reached XP level 8. HP: 28/63 MP: 7/9
  5072 | D:5      | Killed Duvessa
  5081 | D:5      | Killed Dowan
  5240 | D:5      | Noticed Prince Ribbit
  5242 | D:5      | Reached * piety under Okawaru
  5250 | D:5      | Reached skill level 8 in Axes
  5285 | D:5      | Slain by a gnoll

Illustrated notes

Levels and vault maps discovered:
D:1:      lemuel_arrival_muddy, layout_basic, basic_ecumenical_altar,
          minmay_liquid_box
D:2:      layout_basic, nicolae_concentric_dashed_squares_wild
D:3:      layout_loops_corners, hangedman_abyss_or_decor_stabs,
          dk_noncrumbling_2, minmay_stone_trees_small
D:4:      layout_loops_ring, minmay_temple_entry_statues_fountains,
          guppyfry_early_orc_mine
D:5:      layout_loops_ring, serial_shops, nicolae_lakefront_shop,
          enter_ossuary_2, dreamdust_gnoll_farm, uniq_sigmund,
          uniq_prince_ribbit1, uniq_duvessa
Temple:   compressed_dpeg_circular_temple

Skill      XL: |  1  2  3  4  5  6  7  8 |
---------------+-------------------------+-----
Axes           | 2 3 4 6 7 8 |  8.0
Shields        | 3 4 |  4.0
Invocations    | 3 |  3.0
Fighting       | |  3.2
Armour         | |  2.6

Action                     |  1- 3 |  4- 6 |  7- 9 || total
---------------------------+-------+-------+-------++-------
  Melee: War axe           |   104 |   109 |   161 ||   374
  Evoke: Wand              |       |     2 |       ||     2
    Use: Potion            |       |       |     2 ||     2
         Scroll            |       |       |     1 ||     1
 Armour: Scale mail        |    60 |    75 |    18 ||   153
         Chain mail        |       |       |    48 ||    48
  Dodge: Dodged            |    40 |    52 |    61 ||   153
  Block: Buckler           |    15 |    21 |    26 ||    62

Table legend: (Time is in decaauts)
 A = Elapsed time spent in this place.
 B = Non-inter-level travel time spent in this place.
 C = Inter-level travel time spent in this place.
 D = Time resting spent in this place.
 E = Time spent auto-exploring this place.
 F = Levels seen in this place.
 G = Mean time per level.
                   A        B        C        D        E       F      G
               +--------+--------+--------+--------+--------+-----+--------+
         Total |   5408 |   5203 |    205 |   1001 |   3008 |   7 |  772.6 |
       Dungeon |   5038 |   4833 |    205 |    865 |   2906 |   5 | 1007.6 |
        Temple |     20 |     20 |      0 |      0 |      0 |   1 |   20.0 |
       Ossuary |    349 |    349 |      0 |    136 |    102 |   1 |  349.0 |
               +--------+--------+--------+--------+--------+-----+--------+

Top non-repeatable levels by time:
     D:4: 1640 daAuts
     D:3: 1201 daAuts
     D:2: 857 daAuts
     D:1: 857 daAuts
     D:5: 481 daAuts
 Ossuary: 349 daAuts
  Temple: 20 daAuts
